Login

Tampa Bay Lightning vs New York Rangers

Created - 15 March 2024 at 23:08

Goals
1 2 3 OT1 T
Tampa Bay Lightning 0 1 2 0 3
New York Rangers 0 0 3 1 4
Shots
1 2 3 OT1 T
Tampa Bay Lightning 6 16 13 0 35
New York Rangers 6 11 12 3 32

GoalsPenalties
1st period
No Goal
Andrei Vasilevskiy (TBL) for Delaying the game (Minor) at 9:23 - Nikita Kucherov served the penalty
Mikhail Sergachev (TBL) for Roughing (Minor) at 12:08
2nd period
1. Tampa Bay Lightning , Nikita Kucherov 4 (Brandon Hagel 1, Mikhail Sergachev 5) at 6:50
Philippe Myers (TBL) for Roughing (Minor) at 8:53
3rd period
2. New York Rangers , Artemi Panarin 4 (Vincent Trocheck 5, K'Andre Miller 1) at 0:53
3. Tampa Bay Lightning , Nikita Kucherov 5 (Brandon Hagel 2, Steven Stamkos 5) at 6:47 (PP)
4. Tampa Bay Lightning , Brayden Point 5 (Nikita Kucherov 2, Brandon Hagel 3) at 10:08 (PP)
5. New York Rangers , Vincent Trocheck 2 (Artemi Panarin 4) at 18:36
6. New York Rangers , Artemi Panarin 5 (Taylor Raddysh 3, Mika Zibanejad 3) at 19:16
Tanner Jeannot (TBL) for High sticking (Minor) at 2:43
K'Andre Miller (NYR) for Tripping (Minor) at 6:32
K'Andre Miller (NYR) for Tripping (Minor) at 8:34
Jacob Trouba (NYR) for Interference (Minor) at 12:02
Overtime #1
7. New York Rangers , Mika Zibanejad 4 (Artemi Panarin 5, Jacob Trouba 1) at 0:30
No Penalty
Goalie Stats
Andrei Vasilevskiy (TBL), 28 saves from 32 shots - (0.875), OTL, 4-1-1, 60:30 minutes
Igor Shesterkin (NYR), 32 saves from 35 shots - (0.914), W, 3-2-1, 60:16 minutes
3 StarsOfficial
1 - Artemi Panarin (NYR)
2 - Nikita Kucherov (TBL)
3 - Vincent Trocheck (NYR)
Referees : Brandon Blandina and Kyle Rehman
Linesman : Ryan Daisy and Tony Sericolo
Game Note
6:50 of 2nd period - Tampa Bay Lightning goal is going for a video replay. After video review, Goal.
Finance
Level 1 -- Attendance: 5145 (85.75%) -- Ticket Income $514,500
Level 2 -- Attendance: 4346 (86.92%) -- Ticket Income $260,760
Level 3 -- Attendance: 1748 (87.40%) -- Ticket Income $61,180
Level 4 -- Attendance: 3659 (91.48%) -- Ticket Income $91,475
Luxury Box -- Attendance: 850 (85.00%) -- Ticket Income $170,000
Game was played at the Madison Square Garden.
Total Attendance: 15748 (87.49%)
Total Ticket Income: $1,097,915
Other Income: $537,978
Total Income: $1,635,893



Team Name Goals Shots Shots Attemp Shots Blocked PIM HIT PP PK FO%
Tampa Bay Lightning 33555168132 / 3 (67%)058%
New York Rangers 4327466230 / 4 (0%)242%

Tampa Bay Lightning
Player Name POS G A P +/- PIM HIT SHT SB MP PP MP PP SHT PK MP PK SHT FO% FOT GA TA
Anthony CirelliC000-1001013:420:0000:38067% 600
Austin WatsonLW000100002:460:0000:000100% 100
Brandon HagelLW0330012123:152:3303:4400% 210
Brayden PointC101-2004018:191:1521:53058% 1200
Calvin De-HaanD0000010213:050:0002:0000% 001
Conor ShearyLW000-1002012:330:0000:0000% 001
Erik CernakD000-2012220:270:5603:2200% 000
Luke GlendeningC000000001:540:0000:0000% 000
Michael EyssimontC000000003:140:0002:0500% 000
Mikhail SergachevD0110216127:192:5213:2600% 020
Nicholas PaulLW000-1012115:561:1510:0000% 000
Nick PerbixD0000020211:050:0000:0000% 000
Nikita KucherovRW2130018022:162:3313:0900% 020
Philippe MyersD000-2221020:270:5602:3000% 000
Steven StamkosC011-2026125:122:3314:20056% 3600
Tanner JeannotLW000-1201118:311:1500:030100% 100
Tyler MotteC000-1000014:320:0000:000100% 201
Victor HedmanD000-1010528:582:5204:3400% 000
New York Rangers
Player Name POS G A P +/- PIM HIT SHT SB MP PP MP PP SHT PK MP PK SHT FO% FOT GA TA
Adam FoxD0000027028:334:3812:4200% 010
Alex BelzileRW000001208:090:0000:0000% 000
Alexis LafreniereLW0002011014:300:0000:0000% 000
Artemi PanarinLW2244016022:234:1802:4700% 012
Barclay GoodrowC000004008:260:0000:2300% 200
Ben HarpurD0001001014:080:0001:2300% 001
Chris KreiderLW000-1031019:473:3801:0100% 000
Erik GustafssonD0001000118:423:1801:0600% 000
Filip ChytilC0000011010:030:0000:00040% 500
Jacob TroubaD0111220127:564:3801:3400% 001
Jimmy VeseyLW0000000010:030:0000:0000% 000
Kaapo KakkoRW0000011113:363:3800:0000% 010
K'Andre MillerD0111410018:113:1800:3700% 001
Mika ZibanejadC1121015020:254:1810:00042% 3300
Ryan LindgrenD0001021012:590:0000:1400% 000
Taylor RaddyshRW0110011222:474:1802:50063% 800
Tyler PitlickC000000018:170:0000:0000% 000
Vincent TrocheckC1122025018:443:3810:35033% 1200

Tampa Bay Lightning

5 vs 5 Forward
Line #Left WingCenterRight WingPHYDFOFWanted %Time %Time Play
1Brandon HagelSteven StamkosNikita Kucherov1224037%17:37
2Nicholas PaulBrayden PointTanner Jeannot1223032%15:33
3Conor ShearyAnthony CirelliTyler Motte1222026%12:33
4Tanner JeannotTyler MotteSteven Stamkos122105%2:11
5 vs 5 Defense
Line #DefenseDefensePHYDFOFWanted %Time %Time Play
1Victor HedmanMikhail Sergachev1224040%19:22
2Erik CernakPhilippe Myers1223033%15:43
3Nick PerbixCalvin De-Haan1222023%11:05
4Victor HedmanMikhail Sergachev122104%1:44
Power Play Forward
Line #Left WingCenterRight WingPHYDFOFWanted %Time %Time Play
1Brandon HagelSteven StamkosNikita Kucherov1226067%2:33
2Nicholas PaulBrayden PointTanner Jeannot1224033%1:15
Power Play Defense
Line #DefenseDefensePHYDFOFWanted %Time %Time Play
1Victor HedmanMikhail Sergachev1226075%2:52
2Erik CernakPhilippe Myers1224025%0:56
Penalty Kill 4 Players Forward
Line #CenterWingPHYDFOFWanted %Time %Time Play
1Steven StamkosNikita Kucherov1226076%6:03
2Brayden PointBrandon Hagel1224024%1:53
Penalty Kill 4 Players Defense
Line #DefenseDefensePHYDFOFWanted %Time %Time Play
1Victor HedmanMikhail Sergachev1226061%4:51
2Erik CernakPhilippe Myers1224039%3:05
Penalty Kill 3 Players
Line #WingPHYDFOFWanted %Time %Time PlayDefenseDefensePHYDFOFWanted %Time %Time Play
1Steven Stamkos122600%0:00 Victor HedmanMikhail Sergachev122600%0:00
2Nikita Kucherov122400%0:00 Erik CernakPhilippe Myers122400%0:00
4 vs 4 Forward
Line #CenterWingPHYDFOFWanted %Time %Time Play
1Steven StamkosNikita Kucherov122600%0:00
2Brayden PointBrandon Hagel122400%0:00
4 vs 4 Defense
Line #DefensePHYDFOFWanted %Time %Time Play
1Victor HedmanMikhail Sergachev122600%0:00
2Erik CernakPhilippe Myers122400%0:00
Last Minutes Offensive
Left WingCenterRight WingDefenseDefense
Brandon HagelSteven StamkosNikita KucherovVictor HedmanMikhail Sergachev
Last Minutes Defensive
Left WingCenterRight WingDefenseDefense
Brandon HagelSteven StamkosNikita KucherovVictor HedmanMikhail Sergachev
Time
Total ForwardTotal DefenseLast Minutes OffensiveLast Minutes Defensive
60:00 60:00 0:000:22
Extra Forwards
Normal PowerPlayPenalty Kill
Austin Watson, Luke Glendening, Michael EyssimontAustin Watson, Luke GlendeningMichael Eyssimont
Extra Defensemen
Normal PowerPlayPenalty Kill
Nick Perbix, Calvin De-Haan, Erik CernakNick Perbix, Calvin De-HaanErik Cernak
Penalty Shots
Steven Stamkos, Nikita Kucherov, Brayden Point, Brandon Hagel, Nicholas Paul
Goalie
Andrei Vasilevskiy, Jonas Johansson
Custom OT Lines Forwards
Steven Stamkos, Nikita Kucherov, Brayden Point, Brandon Hagel, Nicholas Paul, Conor Sheary, Anthony Cirelli, Tanner Jeannot, Tyler Motte, Austin Watson
Custom OT Lines Defensemen
Victor Hedman, Mikhail Sergachev, Erik Cernak, Philippe Myers, Nick Perbix
Scratches
Haydn Fleury (Healthy), Darren Raddysh (Healthy)

New York Rangers

5 vs 5 Forward
Line #Left WingCenterRight WingPHYDFOFWanted %Time %Time Play
1Chris KreiderMika ZibanejadTaylor Raddysh1224032%15:17
2Artemi PanarinVincent TrocheckAlexis Lafreniere1223030%14:31
3Jimmy VeseyFilip ChytilKaapo Kakko1222021%10:03
4Tyler PitlickBarclay GoodrowAlex Belzile1221017%8:03
5 vs 5 Defense
Line #DefenseDefensePHYDFOFWanted %Time %Time Play
1Jacob TroubaAdam Fox1224040%19:13
2K'Andre MillerErik Gustafsson1223030%14:18
3Ryan LindgrenBen Harpur1222027%12:43
4Jacob TroubaAdam Fox122103%1:40
Power Play Forward
Line #Left WingCenterRight WingPHYDFOFWanted %Time %Time Play
1Artemi PanarinMika ZibanejadTaylor Raddysh1226054%4:18
2Chris KreiderVincent TrocheckKaapo Kakko1224046%3:38
Power Play Defense
Line #DefenseDefensePHYDFOFWanted %Time %Time Play
1Jacob TroubaAdam Fox1226058%4:38
2K'Andre MillerErik Gustafsson1224042%3:18
Penalty Kill 4 Players Forward
Line #CenterWingPHYDFOFWanted %Time %Time Play
1Taylor RaddyshArtemi Panarin1226085%3:13
2Chris KreiderVincent Trocheck1224015%0:35
Penalty Kill 4 Players Defense
Line #DefenseDefensePHYDFOFWanted %Time %Time Play
1Jacob TroubaAdam Fox1226077%2:56
2K'Andre MillerErik Gustafsson1224023%0:52
Penalty Kill 3 Players
Line #WingPHYDFOFWanted %Time %Time PlayDefenseDefensePHYDFOFWanted %Time %Time Play
1Vincent Trocheck122600%0:00 Jacob TroubaAdam Fox122600%0:00
2Artemi Panarin122400%0:00 K'Andre MillerErik Gustafsson122400%0:00
4 vs 4 Forward
Line #CenterWingPHYDFOFWanted %Time %Time Play
1Taylor RaddyshArtemi Panarin122600%0:00
2Chris KreiderVincent Trocheck122400%0:00
4 vs 4 Defense
Line #DefensePHYDFOFWanted %Time %Time Play
1Jacob TroubaAdam Fox122600%0:00
2K'Andre MillerErik Gustafsson122400%0:00
Last Minutes Offensive
Left WingCenterRight WingDefenseDefense
Artemi PanarinMika ZibanejadTaylor RaddyshJacob TroubaAdam Fox
Last Minutes Defensive
Left WingCenterRight WingDefenseDefense
Artemi PanarinMika ZibanejadTaylor RaddyshJacob TroubaAdam Fox
Time
Total ForwardTotal DefenseLast Minutes OffensiveLast Minutes Defensive
60:00 60:00 0:220:00
Extra Forwards
Normal PowerPlayPenalty Kill
Tyler Pitlick, Artemi Panarin, Barclay GoodrowTyler Pitlick, Artemi PanarinBarclay Goodrow
Extra Defensemen
Normal PowerPlayPenalty Kill
Ryan Lindgren, Ben Harpur, K'Andre MillerRyan Lindgren, Ben HarpurK'Andre Miller
Penalty Shots
Barclay Goodrow, Artemi Panarin, Chris Kreider, Vincent Trocheck, Taylor Raddysh
Goalie
Igor Shesterkin, Jonathan Quick
Custom OT Lines Forwards
Mika Zibanejad, Artemi Panarin, Chris Kreider, Vincent Trocheck, Taylor Raddysh, Barclay Goodrow, Filip Chytil, Jimmy Vesey, Kaapo Kakko, Tyler Pitlick
Custom OT Lines Defensemen
Jacob Trouba, Adam Fox, K'Andre Miller, Erik Gustafsson, Ryan Lindgren
Scratches
Jonny Brodzinski (Healthy)


Play-by-Play

1st period


0:01 of 1st period - Mika Zibanejad wins face-off versus Steven Stamkos in neutral zone.
0:46 of 1st period - Icing by Mikhail Sergachev.
0:47 of 1st period - Filip Chytil wins face-off versus Anthony Cirelli in Tampa Bay Lightning zone.
0:48 of 1st period - Snap shot by Kaapo Kakko.
0:48 of 1st period - Stopped by Andrei Vasilevskiy with a rebound.
0:59 of 1st period - Backhand shot by Anthony Cirelli.
0:59 of 1st period - Shot Misses the Net.
1:35 of 1st period - Icing by Barclay Goodrow.
1:36 of 1st period - Brayden Point wins face-off versus Barclay Goodrow in New York Rangers zone.
1:41 of 1st period - Slapshot by Nicholas Paul.
1:41 of 1st period - Deflect By Brayden Point.
1:41 of 1st period - Shot Blocked by Erik Gustafsson.
1:41 of 1st period - Puck is out of play.
1:42 of 1st period - Tyler Motte wins face-off versus Vincent Trocheck in New York Rangers zone.
1:55 of 1st period - Wrist shot by Steven Stamkos.
1:55 of 1st period - Stopped by Igor Shesterkin without a rebound.
1:56 of 1st period - Steven Stamkos wins face-off versus Mika Zibanejad in New York Rangers zone.
2:23 of 1st period - Vincent Trocheck is hit by Mikhail Sergachev and loses puck.
2:33 of 1st period - Adam Fox is hit by Victor Hedman and loses puck.
2:52 of 1st period - Snap shot by Anthony Cirelli.
2:52 of 1st period - Shot Misses the Net.
3:12 of 1st period - Wrist shot by Steven Stamkos.
3:12 of 1st period - Stopped by Igor Shesterkin without a rebound.
3:13 of 1st period - Steven Stamkos wins face-off versus Barclay Goodrow in New York Rangers zone.
3:18 of 1st period - Wrist shot by Nikita Kucherov.
3:18 of 1st period - Shot Misses the Net.
3:20 of 1st period - Snap shot by Brandon Hagel.
3:20 of 1st period - Stopped by Igor Shesterkin with a rebound.
3:40 of 1st period - Snap shot by Chris Kreider.
3:40 of 1st period - Stopped by Andrei Vasilevskiy without a rebound.
3:41 of 1st period - Brayden Point wins face-off versus Mika Zibanejad in Tampa Bay Lightning zone.
4:19 of 1st period - Snap shot by Mika Zibanejad.
4:19 of 1st period - Shot Blocked by Victor Hedman.
4:25 of 1st period - Slapshot by Adam Fox.
4:25 of 1st period - Shot Blocked by Nicholas Paul.
4:27 of 1st period - Slapshot by Jacob Trouba.
4:27 of 1st period - Deflect By Mika Zibanejad.
4:27 of 1st period - Shot Misses the Net.
4:27 of 1st period - Puck is out of play.
4:28 of 1st period - Steven Stamkos wins face-off versus Vincent Trocheck in Tampa Bay Lightning zone.
4:33 of 1st period - Snap shot by Nikita Kucherov.
4:33 of 1st period - Shot Misses the Net.
4:54 of 1st period - Tyler Motte is hit by Filip Chytil and loses puck.
5:24 of 1st period - Ben Harpur is hit by Calvin De-Haan and loses puck.
7:36 of 1st period - Nick Perbix is hit by K'Andre Miller.
8:35 of 1st period - Calvin De-Haan is hit by Chris Kreider and loses puck.
8:48 of 1st period - Mika Zibanejad is hit by Nick Perbix and loses puck.
9:21 of 1st period - Slapshot by Adam Fox.
9:21 of 1st period - Shot Misses the Net.
9:23 of 1st period - Slapshot by Jacob Trouba.
9:23 of 1st period - Deflect By Filip Chytil.
9:23 of 1st period - Stopped by Andrei Vasilevskiy without a rebound.
9:23 of 1st period - Minor Penalty to Andrei Vasilevskiy for Delaying the game.
9:24 of 1st period - Steven Stamkos wins face-off versus Mika Zibanejad in Tampa Bay Lightning zone.
9:33 of 1st period - Snap shot by Mikhail Sergachev.
9:33 of 1st period - Shot Misses the Net.
9:35 of 1st period - Snap shot by Steven Stamkos.
9:35 of 1st period - Shot Misses the Net.
9:37 of 1st period - Slapshot by Mikhail Sergachev.
9:37 of 1st period - Shot Misses the Net.
10:01 of 1st period - Slapshot by Adam Fox.
10:01 of 1st period - Stopped by Andrei Vasilevskiy without a rebound.
10:02 of 1st period - Anthony Cirelli wins face-off versus Mika Zibanejad in Tampa Bay Lightning zone.
11:23 of 1st period - Penalty to Nikita Kucherov is over, Nikita Kucherov is back on ice.
11:41 of 1st period - Snap shot by Philippe Myers.
11:41 of 1st period - Shot Blocked by Tyler Pitlick.
11:43 of 1st period - Backhand shot by Erik Cernak.
11:43 of 1st period - Stopped by Igor Shesterkin with a rebound.
11:45 of 1st period - Backhand shot by Nikita Kucherov.
11:45 of 1st period - Stopped by Igor Shesterkin with a rebound.
11:47 of 1st period - Snap shot by Nikita Kucherov.
11:47 of 1st period - Stopped by Igor Shesterkin without a rebound.
11:48 of 1st period - Mika Zibanejad wins face-off versus Brayden Point in New York Rangers zone.
12:08 of 1st period - Minor Penalty to Mikhail Sergachev for Roughing.
12:09 of 1st period - Steven Stamkos wins face-off versus Mika Zibanejad in Tampa Bay Lightning zone.
12:42 of 1st period - Slapshot by Adam Fox.
12:42 of 1st period - Deflect By Vincent Trocheck.
12:42 of 1st period - Stopped by Andrei Vasilevskiy with a rebound.
13:40 of 1st period - Adam Fox is hit by Nikita Kucherov and loses puck.
14:08 of 1st period - Penalty to Mikhail Sergachev is over, Mikhail Sergachev is back on ice.
14:27 of 1st period - Nicholas Paul is hit by Barclay Goodrow and loses puck.
14:46 of 1st period - Wrist shot by Conor Sheary.
14:46 of 1st period - Shot Misses the Net.
14:58 of 1st period - Alexis Lafreniere is hit by Steven Stamkos and loses puck.
16:30 of 1st period - Slapshot by Adam Fox.
16:30 of 1st period - Stopped by Andrei Vasilevskiy with a rebound.
17:14 of 1st period - Brayden Point is hit by Adam Fox and loses puck.
17:39 of 1st period - Erik Cernak is hit by Ryan Lindgren.
17:51 of 1st period - Brandon Hagel is hit by Artemi Panarin and loses puck.
17:58 of 1st period - Alexis Lafreniere is hit by Steven Stamkos.
18:36 of 1st period - Brayden Point is hit by Barclay Goodrow and loses puck.
18:43 of 1st period - Erik Cernak is hit by Alex Belzile and loses puck.
19:24 of 1st period - Tyler Motte is hit by Mika Zibanejad and loses puck.
19:55 of 1st period - Conor Sheary is hit by Ryan Lindgren.
Goals for this period are 0 for Tampa Bay Lightning vs 0 for New York Rangers.
Shots for this period are 6 for Tampa Bay Lightning vs 6 for New York Rangers.

2nd period


0:01 of 2nd period - Mika Zibanejad wins face-off versus Steven Stamkos in neutral zone.
0:14 of 2nd period - Snap shot by Adam Fox.
0:14 of 2nd period - Stopped by Andrei Vasilevskiy without a rebound.
0:15 of 2nd period - Steven Stamkos wins face-off versus Mika Zibanejad in Tampa Bay Lightning zone.
0:23 of 2nd period - Icing by Chris Kreider.
0:24 of 2nd period - Mika Zibanejad wins face-off versus Brandon Hagel in New York Rangers zone.
0:24 of 2nd period - Mika Zibanejad is hit by Philippe Myers.
0:44 of 2nd period - Wrist shot by Adam Fox.
0:44 of 2nd period - Stopped by Andrei Vasilevskiy with a rebound.
0:50 of 2nd period - Snap shot by Steven Stamkos.
0:50 of 2nd period - Shot Blocked by Taylor Raddysh.
1:27 of 2nd period - Icing by Jacob Trouba.
1:28 of 2nd period - Brayden Point wins face-off versus Mika Zibanejad in New York Rangers zone.
1:58 of 2nd period - Brayden Point is hit by Adam Fox and loses puck.
2:26 of 2nd period - Snap shot by Tanner Jeannot.
2:26 of 2nd period - Stopped by Igor Shesterkin with a rebound.
2:28 of 2nd period - Snap shot by Victor Hedman.
2:28 of 2nd period - Shot Blocked by Jacob Trouba.
2:30 of 2nd period - Slapshot by Tanner Jeannot.
2:30 of 2nd period - Deflect By Brayden Point.
2:30 of 2nd period - Shot Blocked by Taylor Raddysh.
2:30 of 2nd period - Puck is out of play.
2:31 of 2nd period - Anthony Cirelli wins face-off versus Vincent Trocheck in New York Rangers zone.
3:05 of 2nd period - Backhand shot by Erik Gustafsson.
3:05 of 2nd period - Deflect By Filip Chytil.
3:05 of 2nd period - Shot Misses the Net.
3:05 of 2nd period - Puck is out of play.
3:06 of 2nd period - Vincent Trocheck wins face-off versus Steven Stamkos in Tampa Bay Lightning zone.
3:58 of 2nd period - Tanner Jeannot is hit by Barclay Goodrow and loses puck.
4:17 of 2nd period - Snap shot by Erik Gustafsson.
4:17 of 2nd period - Shot Blocked by Steven Stamkos.
5:01 of 2nd period - Slapshot by Adam Fox.
5:01 of 2nd period - Shot Misses the Net.
5:20 of 2nd period - Off-side.
5:21 of 2nd period - Vincent Trocheck wins face-off versus Brayden Point in neutral zone.
5:26 of 2nd period - Snap shot by Vincent Trocheck.
5:26 of 2nd period - Shot Blocked by Erik Cernak.
5:28 of 2nd period - Snap shot by Ben Harpur.
5:28 of 2nd period - Stopped by Andrei Vasilevskiy without a rebound.
5:29 of 2nd period - Tanner Jeannot wins face-off versus Vincent Trocheck in Tampa Bay Lightning zone.
5:42 of 2nd period - Wrist shot by Vincent Trocheck.
5:42 of 2nd period - Shot Misses the Net.
5:44 of 2nd period - Slapshot by Artemi Panarin.
5:44 of 2nd period - Shot Misses the Net.
5:46 of 2nd period - Wrist shot by Alexis Lafreniere.
5:46 of 2nd period - Shot Misses the Net.
5:48 of 2nd period - Slapshot by Ben Harpur.
5:48 of 2nd period - Shot Misses the Net.
5:50 of 2nd period - Slapshot by Ryan Lindgren.
5:50 of 2nd period - Stopped by Andrei Vasilevskiy with a rebound.
5:52 of 2nd period - Slapshot by Ryan Lindgren.
5:52 of 2nd period - Shot Misses the Net.
5:54 of 2nd period - Wrist shot by Vincent Trocheck.
5:54 of 2nd period - Shot Misses the Net.
6:20 of 2nd period - Slapshot by Artemi Panarin.
6:20 of 2nd period - Shot Blocked by Erik Cernak.
6:22 of 2nd period - Slapshot by Ben Harpur.
6:22 of 2nd period - Shot Hit the Post.
6:24 of 2nd period - Slapshot by Ryan Lindgren.
6:24 of 2nd period - Shot Blocked by Tanner Jeannot.
6:30 of 2nd period - Slapshot by Vincent Trocheck.
6:30 of 2nd period - Stopped by Andrei Vasilevskiy with a rebound.
6:32 of 2nd period - Snap shot by Vincent Trocheck.
6:32 of 2nd period - Stopped by Andrei Vasilevskiy with a rebound.
6:36 of 2nd period - Snap shot by Artemi Panarin.
6:36 of 2nd period - Stopped by Andrei Vasilevskiy without a rebound.
6:37 of 2nd period - Austin Watson wins face-off versus Mika Zibanejad in Tampa Bay Lightning zone.
6:46 of 2nd period - Slapshot by Mikhail Sergachev.
6:46 of 2nd period - Stopped by Igor Shesterkin with a rebound.
6:48 of 2nd period - Snap shot by Brandon Hagel.
6:48 of 2nd period - Shot Misses the Net.
6:50 of 2nd period - Snap shot by Nikita Kucherov.
6:50 of 2nd period - Tampa Bay Lightning goal is going for a video replay.
6:50 of 2nd period - The goal is good.
6:50 of 2nd period - Goal by Nikita Kucherov - Tampa Bay Lightning : 1 - New York Rangers : 0.
6:51 of 2nd period - Steven Stamkos wins face-off versus Mika Zibanejad in neutral zone.
6:57 of 2nd period - Icing by Mika Zibanejad.
6:58 of 2nd period - Steven Stamkos wins face-off versus Mika Zibanejad in New York Rangers zone.
7:05 of 2nd period - Slapshot by Adam Fox.
7:05 of 2nd period - Deflect By Taylor Raddysh.
7:05 of 2nd period - Stopped by Andrei Vasilevskiy with a rebound.
7:11 of 2nd period - Slapshot by Mika Zibanejad.
7:11 of 2nd period - Shot Misses the Net.
7:29 of 2nd period - Off-side.
7:30 of 2nd period - Steven Stamkos wins face-off versus Vincent Trocheck in neutral zone.
7:33 of 2nd period - K'Andre Miller is hit by Brandon Hagel and loses puck.
7:40 of 2nd period - Snap shot by Steven Stamkos.
7:40 of 2nd period - Stopped by Igor Shesterkin with a rebound.
7:42 of 2nd period - Slapshot by Philippe Myers.
7:42 of 2nd period - Deflect By Brandon Hagel.
7:42 of 2nd period - Stopped by Igor Shesterkin without a rebound.
7:43 of 2nd period - Mika Zibanejad wins face-off versus Steven Stamkos in New York Rangers zone.
8:41 of 2nd period - Snap shot by Conor Sheary.
8:41 of 2nd period - Stopped by Igor Shesterkin without a rebound.
8:42 of 2nd period - Mika Zibanejad wins face-off versus Steven Stamkos in New York Rangers zone.
8:42 of 2nd period - Mika Zibanejad is hit by Philippe Myers.
8:53 of 2nd period - Minor Penalty to Philippe Myers for Roughing.
8:54 of 2nd period - Steven Stamkos wins face-off versus Mika Zibanejad in Tampa Bay Lightning zone.
9:20 of 2nd period - Mikhail Sergachev is hit by Chris Kreider and loses puck.
10:17 of 2nd period - Jacob Trouba is hit by Erik Cernak and loses puck.
10:53 of 2nd period - Penalty to Philippe Myers is over, Philippe Myers is back on ice.
11:04 of 2nd period - Wrist shot by Barclay Goodrow.
11:04 of 2nd period - Shot Blocked by Mikhail Sergachev.
11:29 of 2nd period - Slapshot by Mikhail Sergachev.
11:29 of 2nd period - Stopped by Igor Shesterkin with a rebound.
11:31 of 2nd period - Snap shot by Nikita Kucherov.
11:31 of 2nd period - Stopped by Igor Shesterkin with a rebound.
11:43 of 2nd period - Snap shot by Nikita Kucherov.
11:43 of 2nd period - Stopped by Igor Shesterkin with a rebound.
11:45 of 2nd period - Snap shot by Nikita Kucherov.
11:45 of 2nd period - Stopped by Igor Shesterkin without a rebound.
11:46 of 2nd period - Brayden Point wins face-off versus Filip Chytil in New York Rangers zone.
11:47 of 2nd period - Snap shot by Nicholas Paul.
11:47 of 2nd period - Stopped by Igor Shesterkin with a rebound.
12:25 of 2nd period - Anthony Cirelli is hit by Vincent Trocheck and loses puck.
13:30 of 2nd period - Mikhail Sergachev is hit by Taylor Raddysh and loses puck.
15:32 of 2nd period - Erik Cernak is hit by Vincent Trocheck.
15:38 of 2nd period - Snap shot by Artemi Panarin.
15:38 of 2nd period - Shot Misses the Net.
15:44 of 2nd period - Slapshot by Erik Cernak.
15:44 of 2nd period - Stopped by Igor Shesterkin without a rebound.
15:45 of 2nd period - Brayden Point wins face-off versus Mika Zibanejad in New York Rangers zone.
16:14 of 2nd period - Slapshot by Adam Fox.
16:14 of 2nd period - Shot Blocked by Victor Hedman.
16:37 of 2nd period - Slapshot by Barclay Goodrow.
16:37 of 2nd period - Shot Misses the Net.
16:39 of 2nd period - Wrist shot by Tyler Pitlick.
16:39 of 2nd period - Shot Hit the Post.
16:41 of 2nd period - Wrist shot by Alex Belzile.
16:41 of 2nd period - Stopped by Andrei Vasilevskiy with a rebound.
16:43 of 2nd period - Wrist shot by Jacob Trouba.
16:43 of 2nd period - Deflect By Alex Belzile.
16:43 of 2nd period - Stopped by Andrei Vasilevskiy without a rebound.
16:44 of 2nd period - Mika Zibanejad wins face-off versus Steven Stamkos in Tampa Bay Lightning zone.
16:49 of 2nd period - Wrist shot by Mika Zibanejad.
16:49 of 2nd period - Shot Blocked by Nick Perbix.
16:51 of 2nd period - Wrist shot by Mika Zibanejad.
16:51 of 2nd period - Shot Blocked by Calvin De-Haan.
16:57 of 2nd period - Slapshot by Mika Zibanejad.
16:57 of 2nd period - Shot Blocked by Calvin De-Haan.
16:59 of 2nd period - Slapshot by Chris Kreider.
16:59 of 2nd period - Shot Blocked by Nick Perbix.
17:16 of 2nd period - Alexis Lafreniere is hit by Nicholas Paul and loses puck.
17:33 of 2nd period - Anthony Cirelli is hit by Barclay Goodrow and loses puck.
17:40 of 2nd period - Slapshot by Mikhail Sergachev.
17:40 of 2nd period - Stopped by Igor Shesterkin without a rebound.
17:41 of 2nd period - Anthony Cirelli wins face-off versus Mika Zibanejad in New York Rangers zone.
17:58 of 2nd period - Snap shot by Mika Zibanejad.
17:58 of 2nd period - Stopped by Andrei Vasilevskiy with a rebound.
18:11 of 2nd period - Off-side.
18:12 of 2nd period - Vincent Trocheck wins face-off versus Brayden Point in neutral zone.
18:35 of 2nd period - Snap shot by Nicholas Paul.
18:35 of 2nd period - Shot Misses the Net.
18:57 of 2nd period - Slapshot by Mikhail Sergachev.
18:57 of 2nd period - Stopped by Igor Shesterkin with a rebound.
18:59 of 2nd period - Wrist shot by Brayden Point.
18:59 of 2nd period - Stopped by Igor Shesterkin without a rebound.
19:00 of 2nd period - Steven Stamkos wins face-off versus Mika Zibanejad in New York Rangers zone.
19:01 of 2nd period - Slapshot by Nikita Kucherov.
19:01 of 2nd period - Deflect By Chris Kreider.
19:01 of 2nd period - Stopped by Igor Shesterkin with a rebound.
19:37 of 2nd period - Tyler Motte is hit by Jacob Trouba and loses puck.
Goals for this period are 1 for Tampa Bay Lightning vs 0 for New York Rangers.
Shots for this period are 16 for Tampa Bay Lightning vs 11 for New York Rangers.

3rd period


0:01 of 3rd period - Mika Zibanejad wins face-off versus Steven Stamkos in neutral zone.
0:12 of 3rd period - Victor Hedman is hit by Jacob Trouba and loses puck.
0:31 of 3rd period - Snap shot by Vincent Trocheck.
0:31 of 3rd period - Stopped by Andrei Vasilevskiy without a rebound.
0:32 of 3rd period - Brayden Point wins face-off versus Vincent Trocheck in Tampa Bay Lightning zone.
0:51 of 3rd period - Wrist shot by Artemi Panarin.
0:51 of 3rd period - Shot Misses the Net.
0:53 of 3rd period - Snap shot by Artemi Panarin.
0:53 of 3rd period - Goal by Artemi Panarin - Tampa Bay Lightning : 1 - New York Rangers : 1.
0:54 of 3rd period - Mika Zibanejad wins face-off versus Steven Stamkos in neutral zone.
1:31 of 3rd period - Wrist shot by Artemi Panarin.
1:31 of 3rd period - Stopped by Andrei Vasilevskiy with a rebound.
2:28 of 3rd period - Wrist shot by Brayden Point.
2:28 of 3rd period - Stopped by Igor Shesterkin with a rebound.
2:30 of 3rd period - Snap shot by Philippe Myers.
2:30 of 3rd period - Stopped by Igor Shesterkin without a rebound.
2:31 of 3rd period - Mika Zibanejad wins face-off versus Brayden Point in New York Rangers zone.
2:43 of 3rd period - Minor Penalty to Tanner Jeannot for High sticking.
2:44 of 3rd period - Taylor Raddysh wins face-off versus Steven Stamkos in Tampa Bay Lightning zone.
2:48 of 3rd period - Wrist shot by Mika Zibanejad.
2:48 of 3rd period - Stopped by Andrei Vasilevskiy without a rebound.
2:49 of 3rd period - Steven Stamkos wins face-off versus Mika Zibanejad in Tampa Bay Lightning zone.
3:24 of 3rd period - Slapshot by Adam Fox.
3:24 of 3rd period - Shot Blocked by Victor Hedman.
3:26 of 3rd period - Snap shot by Kaapo Kakko.
3:26 of 3rd period - Shot Misses the Net.
4:43 of 3rd period - Penalty to Tanner Jeannot is over, Tanner Jeannot is back on ice.
6:21 of 3rd period - Snap shot by Mika Zibanejad.
6:21 of 3rd period - Deflect By Taylor Raddysh.
6:21 of 3rd period - Shot Misses the Net.
6:21 of 3rd period - Puck is out of play.
6:22 of 3rd period - Mika Zibanejad wins face-off versus Anthony Cirelli in Tampa Bay Lightning zone.
6:32 of 3rd period - Minor Penalty to K'Andre Miller for Tripping.
6:33 of 3rd period - Taylor Raddysh wins face-off versus Brandon Hagel in New York Rangers zone.
6:43 of 3rd period - Snap shot by Steven Stamkos.
6:43 of 3rd period - Shot Misses the Net.
6:47 of 3rd period - Wrist shot by Nikita Kucherov.
6:47 of 3rd period - Goal by Nikita Kucherov - Tampa Bay Lightning : 2 - New York Rangers : 1.
6:48 of 3rd period - Mika Zibanejad wins face-off versus Steven Stamkos in neutral zone.
6:51 of 3rd period - Mikhail Sergachev is hit by Chris Kreider and loses puck.
6:59 of 3rd period - Off-side.
7:00 of 3rd period - Steven Stamkos wins face-off versus Mika Zibanejad in neutral zone.
7:41 of 3rd period - Erik Cernak is hit by Alexis Lafreniere and loses puck.
8:08 of 3rd period - Erik Cernak is hit by Kaapo Kakko and loses puck.
8:29 of 3rd period - Snap shot by Steven Stamkos.
8:29 of 3rd period - Stopped by Igor Shesterkin with a rebound.
8:34 of 3rd period - Minor Penalty to K'Andre Miller for Tripping.
8:35 of 3rd period - Taylor Raddysh wins face-off versus Steven Stamkos in New York Rangers zone.
8:42 of 3rd period - Icing by Steven Stamkos.
8:43 of 3rd period - Steven Stamkos wins face-off versus Taylor Raddysh in Tampa Bay Lightning zone.
9:04 of 3rd period - Snap shot by Nikita Kucherov.
9:04 of 3rd period - Shot Misses the Net.
9:06 of 3rd period - Slapshot by Mikhail Sergachev.
9:06 of 3rd period - Stopped by Igor Shesterkin without a rebound.
9:07 of 3rd period - Brayden Point wins face-off versus Taylor Raddysh in New York Rangers zone.
9:18 of 3rd period - Wrist shot by Brayden Point.
9:18 of 3rd period - Stopped by Igor Shesterkin with a rebound.
9:20 of 3rd period - Backhand shot by Nicholas Paul.
9:20 of 3rd period - Stopped by Igor Shesterkin without a rebound.
9:21 of 3rd period - Taylor Raddysh wins face-off versus Steven Stamkos in New York Rangers zone.
9:30 of 3rd period - Slapshot by Steven Stamkos.
9:30 of 3rd period - Stopped by Igor Shesterkin without a rebound.
9:31 of 3rd period - Steven Stamkos wins face-off versus Taylor Raddysh in New York Rangers zone.
10:08 of 3rd period - Snap shot by Brayden Point.
10:08 of 3rd period - Goal by Brayden Point - Tampa Bay Lightning : 3 - New York Rangers : 1.
10:09 of 3rd period - Steven Stamkos wins face-off versus Mika Zibanejad in neutral zone.
11:29 of 3rd period - Icing by Ryan Lindgren.
11:30 of 3rd period - Mika Zibanejad wins face-off versus Brayden Point in New York Rangers zone.
11:37 of 3rd period - Snap shot by Chris Kreider.
11:37 of 3rd period - Shot Misses the Net.
11:39 of 3rd period - Snap shot by Taylor Raddysh.
11:39 of 3rd period - Shot Misses the Net.
11:41 of 3rd period - Snap shot by Chris Kreider.
11:41 of 3rd period - Shot Misses the Net.
11:43 of 3rd period - Wrist shot by Mika Zibanejad.
11:43 of 3rd period - Stopped by Andrei Vasilevskiy without a rebound.
11:44 of 3rd period - Vincent Trocheck wins face-off versus Steven Stamkos in Tampa Bay Lightning zone.
12:02 of 3rd period - Minor Penalty to Jacob Trouba for Interference.
12:03 of 3rd period - Taylor Raddysh wins face-off versus Steven Stamkos in New York Rangers zone.
13:25 of 3rd period - Slapshot by K'Andre Miller.
13:25 of 3rd period - Shot Misses the Net.
14:02 of 3rd period - Penalty to Jacob Trouba is over, Jacob Trouba is back on ice.
14:18 of 3rd period - Wrist shot by Conor Sheary.
14:18 of 3rd period - Shot Misses the Net.
14:20 of 3rd period - Wrist shot by Anthony Cirelli.
14:20 of 3rd period - Shot Blocked by Kaapo Kakko.
17:12 of 3rd period - Mika Zibanejad is hit by Nick Perbix and loses puck.
17:26 of 3rd period - Snap shot by Adam Fox.
17:26 of 3rd period - Stopped by Andrei Vasilevskiy without a rebound.
17:27 of 3rd period - Anthony Cirelli wins face-off versus Vincent Trocheck in Tampa Bay Lightning zone.
17:44 of 3rd period - Slapshot by Mikhail Sergachev.
17:44 of 3rd period - Stopped by Igor Shesterkin with a rebound.
17:46 of 3rd period - Snap shot by Anthony Cirelli.
17:46 of 3rd period - Stopped by Igor Shesterkin with a rebound.
17:48 of 3rd period - Snap shot by Conor Sheary.
17:48 of 3rd period - Stopped by Igor Shesterkin with a rebound.
18:36 of 3rd period - Slapshot by Artemi Panarin.
18:36 of 3rd period - Deflect By Vincent Trocheck.
18:36 of 3rd period - Goal by Vincent Trocheck - Tampa Bay Lightning : 3 - New York Rangers : 2.
18:37 of 3rd period - Steven Stamkos wins face-off versus Filip Chytil in neutral zone.
18:46 of 3rd period - Slapshot by Adam Fox.
18:46 of 3rd period - Stopped by Andrei Vasilevskiy without a rebound.
18:47 of 3rd period - John Salerno call a timeout for New York Rangers.
18:47 of 3rd period - Filip Chytil wins face-off versus Steven Stamkos in Tampa Bay Lightning zone.
18:48 of 3rd period - Slapshot by Adam Fox.
18:48 of 3rd period - Shot Blocked by Victor Hedman.
18:50 of 3rd period - Slapshot by Jimmy Vesey.
18:50 of 3rd period - Shot Misses the Net.
18:52 of 3rd period - Snap shot by Jacob Trouba.
18:52 of 3rd period - Shot Blocked by Brandon Hagel.
18:54 of 3rd period - Slapshot by Adam Fox.
18:54 of 3rd period - Deflect By Kaapo Kakko.
18:54 of 3rd period - Shot Misses the Net.
18:54 of 3rd period - Puck is out of play.
18:55 of 3rd period - Steven Stamkos wins face-off versus Mika Zibanejad in Tampa Bay Lightning zone.
19:02 of 3rd period - New York Rangers, Igor Shesterkin is pulled from the net.
19:12 of 3rd period - Snap shot by Mika Zibanejad.
19:12 of 3rd period - Stopped by Andrei Vasilevskiy with a rebound.
19:14 of 3rd period - Snap shot by Taylor Raddysh.
19:14 of 3rd period - Shot Blocked by Victor Hedman.
19:16 of 3rd period - Wrist shot by Artemi Panarin.
19:16 of 3rd period - Goal by Artemi Panarin - Tampa Bay Lightning : 3 - New York Rangers : 3.
19:16 of 3rd period - Igor Shesterkin from New York Rangers was sent back in the game.
19:17 of 3rd period - Tyler Motte wins face-off versus Filip Chytil in neutral zone.
19:22 of 3rd period - Wrist shot by Steven Stamkos.
19:22 of 3rd period - Stopped by Igor Shesterkin with a rebound.
19:48 of 3rd period - Slapshot by Adam Fox.
19:48 of 3rd period - Shot Misses the Net.
19:50 of 3rd period - Slapshot by Adam Fox.
19:50 of 3rd period - Shot Misses the Net.
19:52 of 3rd period - Slapshot by Adam Fox.
19:52 of 3rd period - Stopped by Andrei Vasilevskiy with a rebound.
19:54 of 3rd period - Snap shot by Alexis Lafreniere.
19:54 of 3rd period - Stopped by Andrei Vasilevskiy without a rebound.
19:55 of 3rd period - Steven Stamkos wins face-off versus Vincent Trocheck in Tampa Bay Lightning zone.
19:59 of 3rd period - Off-side.
Goals for this period are 2 for Tampa Bay Lightning vs 3 for New York Rangers.
Shots for this period are 13 for Tampa Bay Lightning vs 12 for New York Rangers.

Overtime #1


0:01 of 1st overtime period - Mika Zibanejad wins face-off versus Steven Stamkos in neutral zone.
0:04 of 1st overtime period - Wrist shot by Artemi Panarin.
0:04 of 1st overtime period - Stopped by Andrei Vasilevskiy with a rebound.
0:06 of 1st overtime period - Wrist shot by Artemi Panarin.
0:06 of 1st overtime period - Stopped by Andrei Vasilevskiy without a rebound.
0:07 of 1st overtime period - Steven Stamkos wins face-off versus Mika Zibanejad in Tampa Bay Lightning zone.
0:14 of 1st overtime period - Snap shot by Steven Stamkos.
0:14 of 1st overtime period - Shot Misses the Net.
0:30 of 1st overtime period - Slapshot by Mika Zibanejad.
0:30 of 1st overtime period - Goal by Mika Zibanejad - Tampa Bay Lightning : 3 - New York Rangers : 4.
Goals for this period are 0 for Tampa Bay Lightning vs 1 for New York Rangers.
Shots for this period are 0 for Tampa Bay Lightning vs 3 for New York Rangers.